 Dungeon Crawl Stone Soup version 0.28.0-45-g0d030f2227 (webtiles) character file.

Game seed: 6891702815347928991

1567 DemonSlayer the Magician (level 8, -11/54 HPs)
             Began as a Demonspawn Fire Elementalist on Apr 10, 2022.
             Was an Initiate of Cheibriados.
             Killed from afar by a steam dragon (18 damage)
             ... with a ball of steam
             ... on level 6 of the Dungeon.
             The game lasted 00:19:23 (9334 turns).

DemonSlayer the Magician (DsFE)                     Turns: 9334, Time: 00:19:23

Health: -11/54     AC:  2    Str: 14    XL:     8   Next: 59%
Magic:  15/18      EV: 15    Int: 17    God:    Cheibriados [......]
Gold:   266        SH:  0    Dex: 14    Spells: 8/21 levels left

rFire   . . .      SeeInvis .   n - +5 dagger
rCold   + . .      Faith    .   (no shield)
rNeg    . . .      Spirit   .   a - +0 robe
rPois   .          Reflect  .   (no helmet)
rElec   .          Harm     .   (no cloak)
rCorr   .          Rampage  .   (no gloves)
Will    +....                   (no boots)
Stlth   ++........              o - amulet of the acrobat
HPRegen 0.18/turn               h - ring of Xom's Vengeance {rC+ Will+ Str+4 Int-3}
MPRegen 0.32/turn               (no ring)

@: mighty, very slow
A: repulsion field 2, foul stench 2, magic regeneration
a: Renounce Religion


You were on level 6 of the Dungeon.
You worshipped Cheibriados.
Cheibriados was noncommittal.
You visited 2 branches of the dungeon, and saw 8 of its levels.

You collected 266 gold pieces.

Inventory:

Hand Weapons
 n - a +5 dagger (weapon)
Missiles
 t - a curare-tipped dart
Armour
 a - a +0 robe (worn)
 e - a +3 scale mail of cold resistance
Jewellery
 h - the ring of Xom's Vengeance (left hand) {rC+ Will+ Str+4 Int-3}
   (You found it on level 2 of the Dungeon)

   [ring of protection from cold]

   Str:       It affects your strength (+4).
   Int:       It affects your intelligence (-3).
   rC:        It protects you from cold.
   Will:      It increases your willpower.
 o - an amulet of the acrobat (around neck)
Wands
 q - a wand of paralysis (8)
Scrolls
 b - 4 scrolls of immolation
 d - a scroll of teleportation
 i - a scroll of fog {unknown}
 j - 2 scrolls of fear {unknown}
 k - a scroll of torment
 l - a scroll of silence
 m - 2 scrolls of holy word
 p - a scroll of enchant weapon
 r - 2 scrolls of identify
 s - a scroll of enchant armour {unknown}
Potions
 c - 2 potions of brilliance
 g - a potion of attraction


   Skills:
 + Level 1.0 Fighting
 + Level 1.0 Short Blades
 + Level 0.1 Throwing
 + Level 2.7 Dodging
 + Level 3.6 Stealth
 + Level 7.0 Spellcasting
 + Level 1.9 Conjurations
 + Level 6.3 Fire Magic


You had 8 spell levels left.
You knew the following spells:

 Your Spells              Type           Power      Damage    Failure   Level
a - Foxfire               Conj/Fire      80%        2x1d8     2%          1
b - Scorch                Fire           54%        2d8       1%          2
c - Conjure Flame         Conj/Fire      20%        6-21      6%          3
d - Flame Wave            Conj/Fire      20%        2d7       22%         4
e - Inner Flame           Hex/Fire       16%        N/A       10%         3

Your spell library contained the following spells:

 Spells                   Type           Power      Damage    Failure   Level


Dungeon Overview and Level Annotations

Branches:
Dungeon (7/15)             Temple (1/1) D:7

Altars:
Ashenzari
Cheibriados
Dithmenos
Elyvilon
Fedhas
Gozag
Kikubaaqudgha
Makhleb
Qazlal
Ru
Trog
Uskayaw
Wu Jian
Xom
Yredelemnul
Zin
The Shining One

Annotations:
D:6 Dowan


Innate Abilities, Weirdness & Mutations

You are surrounded by a moderate repulsion field. (EV +3)
You sometimes emit foul miasma when damaged in melee.
You regenerate magic rapidly.


Message History

The steam dragon breathes steam at you. The ball of steam hits you!!
Flames lash the steam dragon.
The steam dragon is lightly wounded.
The steam dragon's fire resistance burns away.
Flames lash the steam dragon but do no damage.
The steam dragon breathes steam at you. The ball of steam hits you!
You are engulfed in a cloud of scalding steam.
* * * LOW HITPOINT WARNING * * *
The steam dragon is no longer more vulnerable to fire.
The steam dragon completely misses you. The steam dragon misses you.
You see here a +0 chain mail.
It was a potion of might.
You feel very mighty all of a sudden. The steam dragon bites you.
* * * LOW HITPOINT WARNING * * *
The steam dragon claws you.
* * * LOW HITPOINT WARNING * * *
You puncture the steam dragon!
The steam dragon is moderately wounded.
The steam dragon bites you.
* * * LOW HITPOINT WARNING * * *
The steam dragon claws you.
* * * LOW HITPOINT WARNING * * *
You hit the steam dragon.
The steam dragon is heavily wounded.
The steam dragon bites you.
* * * LOW HITPOINT WARNING * * *
The steam dragon closely misses you.
You closely miss the steam dragon.
The steam dragon is heavily wounded.
You are engulfed in a cloud of scalding steam.
* * * LOW HITPOINT WARNING * * *
The steam dragon closely misses you. The steam dragon misses you.
You hit the steam dragon.
The steam dragon is heavily wounded.
The steam dragon breathes steam at you. The ball of steam hits you!!
You die...

....##.# #.# ....##.####
#####'### ....#.....#
#.......# ....#.....#
#.......# ....#.....#
#.......# ....##.####
#.......#
.....#.######.......#
.#####.........§§.######
.#.............D@§....>#
.#.#.#......########.###
#..#.#.....§.......#.#
...#.#....§§.......#.#
...>.#........######.#
.....#.######.####.#.######
.......# ###'#....#.#....#
.......## #........#.#.##.#
........# #........#.#.##.#


You could see a steam dragon (catching breath).

Vanquished Creatures
  A steam dragon (D:6)
  2 water moccasins (D:7)
  Duvessa (D:6)
  A necrophage (D:7)
  4 ogres
  A kobold brigand (D:6)
  A bullfrog (D:6)
  A scorpion (D:6)
  A wyvern skeleton (D:7)
  An electric eel (D:6)
  A bullfrog zombie (D:6)
  A jelly (D:6)
  2 orc priests (D:6)
  A centaur skeleton (D:5)
  4 iguanas
  An orc wizard (D:6)
  A scorpion zombie (D:5)
  A hound skeleton (D:4)
  5 adders
  A white imp (D:7)
  2 worms
  2 dart slugs
  9 orcs
  3 ball pythons
  3 bats
  4 endoplasms
  A giant cockroach (D:4)
  6 goblins
  2 hobgoblins (D:2)
  9 kobolds
  4 quokkas
  A frilled lizard (D:2)
  2 rats
80 creatures vanquished.

Vanquished Creatures (others)
  97 foxfires
97 creatures vanquished.

Grand Total: 177 creatures vanquished

Notes
Turn   | Place    | Note
-------+----------+-------------------------------------------
     0 | D:1      | DemonSlayer the Demonspawn Fire Elementalist began the
                  | quest for the Orb.
     0 | D:1      | Reached XP level 1. HP: 13/13 MP: 3/3
   712 | D:1      | Gained mutation: You may rarely emit foul miasma when
                  | damaged in melee. [demonic ancestry]
   712 | D:1      | Reached XP level 2. HP: 16/19 MP: 0/5
  1134 | D:1      | Learned a level 2 spell: Scorch
  1816 | D:2      | Identified the ring of Xom's Vengeance {rC+ Will+ Str+4
                  | Int-3}
  2395 | D:2      | Gained mutation: You sometimes emit foul miasma when
                  | damaged in melee. [demonic ancestry]
  2395 | D:2      | Reached XP level 3. HP: 15/24 MP: 2/6
  3180 | D:3      | Learned a level 3 spell: Conjure Flame
  3633 | D:4      | Noticed an ogre
  3644 | D:4      | :::::::::::::::::::::::::::::::::::::::::::::::::::::::::::
                  | :::::::::::::::::::::::::::::::::::::::::::::::::::::::::::
                  | :::::::::::::::::::::::::::::::::::::::::::::::::::::::::::
                  | :::::::::::::::::::::::::::::::::::::::::::::::::::::::::::
                  | :::::o
  3728 | D:4      | Killed an ogre
  3729 | D:4      | Reached skill level 3 in Spellcasting
  3729 | D:4      | Gained mutation: You regenerate magic rapidly. [demonic
                  | ancestry]
  3729 | D:4      | Reached XP level 4. HP: 30/30 MP: 1/9
  3729 | D:4      | Gained mutation: You are surrounded by a mild repulsion
                  | field. (EV +2) [demonic ancestry]
  3729 | D:4      | Reached XP level 5. HP: 35/35 MP: 1/10
  3855 | D:4      | Noticed an ogre
  3860 | D:4      | Killed an ogre
  3861 | D:4      | Reached skill level 1 in Short Blades
  4156 | D:4      | Reached XP level 6. HP: 42/42 MP: 8/11
  4170 | D:5      | Entered Level 5 of the Dungeon
  4176 | D:5      | Learned a level 4 spell: Flame Wave
  4292 | D:5      | Reached skill level 4 in Spellcasting
  5300 | D:5      | Learned a level 3 spell: Inner Flame
  5382 | D:6      | Reached skill level 5 in Spellcasting
  5382 | D:6      | Reached XP level 7. HP: 44/47 MP: 5/14
  5512 | D:6      | Noticed a steam dragon
  5739 | D:6      | Noticed Duvessa
  5739 | D:6      | Noticed Dowan
  5757 | D:6      | Killed Duvessa
  5766 | D:6      | HP: 2/47 [Dowan/+0 dagger (3)]
  5777 | D:6      | Reached skill level 1 in Fighting
  5777 | D:6      | Reached skill level 5 in Fire Magic
  7242 | D:6      | Reached skill level 6 in Spellcasting
  8088 | D:7      | Gained mutation: You are surrounded by a moderate repulsion
                  | field. (EV +3) [demonic ancestry]
  8088 | D:7      | Reached XP level 8. HP: 31/54 MP: 10/17
  8646 | D:7      | Found a staircase to the Ecumenical Temple.
  8661 | Temple   | Entered the Ecumenical Temple
  8852 | Temple   | Became a worshipper of Cheibriados the Contemplative
  8919 | D:6      | Reached skill level 7 in Spellcasting
  9334 | D:6      | Killed from afar by a steam dragon

Illustrated notes

.#.# #.# ...# #.
#.# .### #. #.# .#
#.## #.# .# #...
#.# .# #..# #.# .#
#..# #.# .# #..#
#.# ## #.@# #.## #
#..# #... #
#..##### #### #
#......# #
##.###.# #
##########.# #
...K.......###.# .
....####..........
# #...###.###


Turn 3644 on D:4:
:::::::::::::::::::::::::::::::::::::::::::::::::::::::::::::::::::::::::::::::::::::::::::::::::::::::::::::::::::::::::::::::::::::::::::::::::::::::::::::::::::::::::::::::::::::::::::::::::::::::::::::::::::::::::::::::::::::::::::::::::o

Levels and vault maps discovered:
D:1:      scummos_arrival_hexagon, layout_loops_corners
D:2:      wander_river, layout_basic
D:3:      layout_basic
D:4:      layout_loops_ring
D:5:      layout_basic, serial_park_tiny_2
D:6:      layout_basic, nrook_pool_corridor, uniq_duvessa
D:7:      layout_loops_cross, minmay_temple_entry_mist, minivault_23,
          item_on_display_a
Temple:   roderic_octagonal_lattice_temple

Skill      XL: |  1  2  3  4  5  6  7  8 |
---------------+-------------------------+-----
Dodging        | 2 |  2.7
Fire Magic     | 3 4 5 6 |  6.3
Stealth        | 2 3 |  3.6
Spellcasting   | 3 5 6 7 |  7.0
Short Blades   | 1 |  1.0
Fighting       | 1 |  1.0
Throwing       | |  0.1
Conjurations   | |  1.9

Action                   |  1- 3 |  4- 6 |  7- 9 || total
-------------------------+-------+-------+-------++-------
Melee: Dagger            |    27 |     3 |    12 ||    42
Throw: Dart              |       |       |     2 ||     2
 Cast: Foxfire           |    66 |       |       ||    66
       Scorch            |    19 |    43 |    55 ||   117
       Conjure Flame     |       |       |     1 ||     1
  Use: Scroll            |       |     9 |     2 ||    11
       Potion            |       |       |     5 ||     5
 Stab: Sleeping          |     5 |     2 |     1 ||     8
Armor: Robe              |     9 |     1 |     2 ||    12
       Skin              |       |       |     3 ||     3
Dodge: Dodged            |    25 |    13 |    35 ||    73
